 Dungeon Crawl Stone Soup version 0.28.0-43-g3370ac3207 (webtiles) character file.

Game seed: 5217236938766146074

33 croobank the Sneak (level 3, -2/14 HPs)
             Began as a Felid Fire Elementalist on Mar 28, 2022.
             Slain by Natasha (8 damage)
             ... on level 2 of the Dungeon.
             The game lasted 00:04:18 (1288 turns).

croobank the Sneak (Felid Fire Elementalist)        Turns: 1288, Time: 00:04:18

Health: -2/14      AC:  1    Str:  4    XL:     3   Next: 12%
Magic:  1/7        EV: 18    Int: 18    God:
Gold:   33         SH:  0    Dex: 16    Spells: 3/6 levels left
                                        Lives:  0   Deaths: 0

rFire   . . .      SeeInvis +   (weapon unavailable)
rCold   . . .      Faith    .   (shield unavailable)
rNeg    . . .      Spirit   .   (armour unavailable)
rPois   .          Reflect  .   (helmet unavailable)
rElec   .          Harm     .   (cloak unavailable)
rCorr   +          Rampage  .   (gloves unavailable)
Will    .....                   (boots unavailable)
Stlth   ++........              (no amulet)
HPRegen 0.04/turn               a - ring of resist corrosion
MPRegen 0.10/turn               (no ring)

@: very slightly contaminated, quick
A: very small, claws 1, fangs 3, see invisible, speed 1, shaggy fur 1, stealthy
paws, no weapons or thrown items, no armour, multi-lived
a: no special abilities


You were on level 2 of the Dungeon.
You visited 1 branch of the dungeon, and saw 2 of its levels.

You collected 33 gold pieces.

Inventory:

Missiles
 b - 65 stones
Jewellery
 a - a ring of resist corrosion (left paw)
Potions
 c - a potion of cancellation {unknown}
 d - a potion of lignification {unknown}


   Skills:
 + Level 3.2 Dodging
 + Level 3.2 Stealth
 + Level 2.3 Spellcasting
 + Level 1.4 Conjurations
 + Level 2.9 Fire Magic


You had 3 spell levels left.
You knew the following spells:

 Your Spells              Type           Power      Damage    Failure   Level
a - Foxfire               Conj/Fire      40%        2x1d6     7%          1
b - Scorch                Fire           24%        2d6       8%          2

Your spell library contained the following spells:

 Spells                   Type           Power      Damage    Failure   Level
 Conjure Flame            Conj/Fire      10%        6-21      22%         3
 Inner Flame              Hex/Fire       7%         N/A       28%         3
 Flame Wave               Conj/Fire      10%        2d5       56%         4


Dungeon Overview and Level Annotations

Branches:
Dungeon (2/15)

Altars:

Shops:
D:1 !

Annotations:
D:2 Natasha


Innate Abilities, Weirdness & Mutations

You have sharp claws.
You have razor-sharp teeth.
You have supernaturally acute eyesight. (SInv)
You cover ground quickly. (Speed+)
You are covered in fur. (AC +1)
Your paws help you pounce on unaware monsters.
You are incapable of wielding weapons or throwing items.
You cannot wear armour.
You gain extra lives every three experience levels.


Message History

The foxfire hits the ball python.
The ball python is severely wounded.
The ball python hisses angrily.
You see here 13 gold pieces.
You now have 33 gold pieces (gained 13).
Natasha hisses angrily.
Natasha wildly gestures.
Natasha's front paws start to glow.
Casting: Foxfire (safe; 7% risk of failure)
Confirm with . or Enter, or press ? or * to list all spells.
You miscast Scorch.
You are very lightly contaminated with residual magic.
Nothing appears to happen.
Casting: Scorch (safe; 8% risk of failure)
Confirm with . or Enter, or press ? or * to list all spells.
You miscast Scorch.
Nothing appears to happen.
Natasha claws you. The ball python misses you.
The ball python completely misses you.
Unknown command.
You scratch Natasha.
Natasha is lightly wounded.
Natasha claws you. The ball python barely misses you.
The ball python closely misses you.
You scratch Natasha. Your claw misses Natasha.
Natasha is moderately wounded.
The ball python misses you. The ball python closely misses you.
Natasha completely misses you.
Casting: Scorch (safe; 8% risk of failure)
Confirm with . or Enter, or press ? or * to list all spells.
Flames lash the ball python.
You kill the ball python!
Natasha closely misses you.
A bat comes into view.
Casting: Scorch (safe; 8% risk of failure)
Confirm with . or Enter, or press ? or * to list all spells.
You don't have enough magic to cast this spell.
You scratch Natasha.
Natasha is heavily wounded.
Natasha claws you!
Ouch! That really hurt!
You die...

#.....## #......# .#
... #......# #. ...
#..b...# .. .<..
#......# .
....?#......# .#
.....#.?....###.#####
............†........
.............@h......
#.####<###.###.#####
### #... .. ......
..# ##...... .#
#....<. # #......


You could see Natasha and a bat.

Vanquished Creatures
  3 dart slugs (D:1)
  2 endoplasms (D:1)
  2 giant cockroaches (D:1)
  4 goblins (D:1)
  6 hobgoblins (D:1)
  3 ball pythons
  2 bats (D:1)
  A kobold (D:1)
  2 rats (D:1)
25 creatures vanquished.

Vanquished Creatures (others)
  57 foxfires
57 creatures vanquished.

Grand Total: 82 creatures vanquished

Notes
Turn   | Place    | Note
-------+----------+-------------------------------------------
     0 | D:1      | croobank the Felid Fire Elementalist began the quest for
                  | the Orb.
     0 | D:1      | Reached XP level 1. HP: 7/7 MP: 4/4
    23 | D:1      | Reached skill level 1 in Conjurations
   332 | D:1      | Reached XP level 2. HP: 11/11 MP: 3/6
   335 | D:1      | Learned a level 2 spell: Scorch
   889 | D:1      | Reached XP level 3. HP: 14/14 MP: 5/7
   939 | D:1      | Found Hecril's Distillery.
  1068 | D:1      | Found a faded altar of an unknown god.
  1279 | D:2      | Noticed Natasha
  1288 | D:2      | Slain by Natasha

Illustrated notes

Levels and vault maps discovered:
D:1:      scummos_arrival_star, layout_basic, serial_shops, shop_statue,
          hellmonk_ecumenical_altar_inner_sanctum, minmay_pentomino_w2
D:2:      layout_basic, basic_altar, minmay_misc_feat_iff, uniq_natasha

Skill      XL: |  1  2 |
---------------+-------+-----
Conjurations   | 1 |  1.4
Stealth        | 3 |  3.2
Dodging        | 3 |  3.2
Spellcasting   | |  2.3
Fire Magic     | |  2.9

Action                   || total
-------------------------++-------
Melee: Unarmed           ||    11
 Cast: Foxfire           ||    31
       Scorch            ||     4
Dodge: Dodged            ||    16
